AoeStats
← [GN]mezdap

African Clearing

510840814Analyzed
2v2 RM · 1d ago on Oct 2, 2026· 25m 4s· 4 players
Game mode
Random Map
Map size
Medium (4 player)
Population
200
Speed
Normal
Resources
Standard
Victory
Conquest
Starting age
Dark Age
Ending age
Imperial Age
RankedLock teamsTeams togetherTeam positionsShared explorationLock speedFull tech treeHidden civsTurbo modeCheats
Victory
Defeat
🇧🇷 Mongols · Brazil
1531
+12
🇧🇷 Huns · Brazil
1489
+13
🇹🇷 Varangians · Türkiye
1455
-13
🇹🇷 Wu · Türkiye
1420
-12
PaTo_Noel
6:44 Loom
12:24 Feudal Age
16:45 Castle Age
16:46 Crossbowman
17:47 Fletching
21:50 Horse Collar
23:51 Bodkin Arrow
Sucram
5:34 Loom
11:26 Feudal Age
15:33 Castle Age
15:39 Double-Bit Axe
[GN]LAZURİ
8:34 Loom
12:08 Feudal Age
12:37 Double-Bit Axe
15:59 Bloodlines
18:05 Scale Barding Armor
18:19 Horse Collar
20:46 Forging
25:52 Castle Age
[GN]mezdap
8:58 Loom
11:54 Feudal Age
13:38 Double-Bit Axe
14:20 Fletching
19:01 Wheelbarrow
22:33 Castle Age
21:38 Padded Archer Armor
23:18 Bodkin Arrow
22:44 Crossbowman
Connection lost

Rejoining the realm…

Still unreachable

The connection could not be restored.

Session expired

The server has moved on; the page needs a fresh start.